 Dungeon Crawl Stone Soup version 0.28.0-53-g5a82cb258f (webtiles) character file.

Game seed: 5557479495758439446

1129 jjjjhere the Spear-Bearer (level 8, -5/58 HPs)
             Began as a Merfolk Gladiator on Sept 3, 2022.
             Was an Elder of Lugonu.
             Slain by a vampire (9 damage)
             ... on level 5 of the Dungeon.
             The game lasted 00:08:14 (6522 turns).

jjjjhere the Spear-Bearer (Merfolk Gladiator)       Turns: 6522, Time: 00:08:14

Health: -5/58      AC:  4    Str: 17    XL:     8   Next: 35%
Magic:  11/11      EV: 13    Int:  7    God:    Lugonu [****..]
Gold:   338        SH:  5    Dex: 15    Spells: 7/7 levels left

rFire   . . .      SeeInvis .   a - +1 trident
rCold   . . .      Faith    .   (no shield)
rNeg    + . .      Spirit   .   b - +0 leather armour
rPois   +          Reflect  +   l - +0 helmet
rElec   .          Harm     .   e - scarf {repulsion}
rCorr   .          Rampage  .   (no gloves)
Will    .....                   (no boots)
Stlth   +.........              u - amulet of reflection
HPRegen 0.19/turn               p - ring of positive energy
MPRegen 0.12/turn               (no ring)

@: repel missiles
A: (nimble swimmer 2), mertail, poison resistance
a: Renounce Religion, Depart the Abyss, Bend Space, Banish, Corrupt


You were on level 5 of the Dungeon.
You worshipped Lugonu.
Lugonu was greatly pleased with you.
You visited 1 branch of the dungeon, and saw 5 of its levels.

You collected 338 gold pieces.

Inventory:

Hand Weapons
 a - a +1 trident (weapon)
Missiles
 d - 3 throwing nets (quivered)
 k - 2 javelins
 m - 6 silver javelins
 q - 2 boomerangs
Armour
 b - a +0 leather armour (worn)
 e - a scarf of repulsion (worn)
 l - a +0 helmet (worn)
Jewellery
 p - a ring of positive energy (left hand)
 u - an amulet of reflection (around neck)
 y - an amulet of guardian spirit
Scrolls
 c - a scroll of blinking {unknown}
 i - 2 scrolls of identify
 t - 2 scrolls of amnesia {unknown}
 v - a scroll of holy word
 w - 2 scrolls of immolation {unknown}
 z - a scroll of magic mapping {unknown}
 A - a scroll of torment {unknown}
Potions
 f - a potion of cancellation
 j - a potion of mutation
 o - 2 potions of brilliance {unknown}
 r - a potion of attraction {unknown}
 x - a potion of magic {unknown}


   Skills:
 - Level 3.4 Fighting
 * Level 12.0 Polearms
 - Level 2.0 Throwing
 - Level 4.0 Dodging
 + Level 5.1 Invocations


You had 7 spell levels left.
You didn't know any spells.
Your spell library contained the following spells:

 Spells                   Type           Power      Damage    Failure   Level
 Magic Dart               Conj           0%         1d3       50%         1
 Searing Ray              Conj           0%         2d4       65%         2
 Ignite Poison            Fire/Tmut/Pois 0%         N/A       86%         3
 Mephitic Cloud           Conj/Pois/Air  0%         N/A       86%         3
 Stone Arrow              Conj/Erth      0%         3d7       86%         3
 Animate Armour           Summ/Erth      0%         N/A       99%         4
 Fulminant Prism          Conj/Hex       0%         3d6       99%         4
 Freezing Cloud           Conj/Ice/Air   0%         6-21      100%        5
 Lehudib's Crystal Spear  Conj/Erth      0%         10d2      100%        8


Dungeon Overview and Level Annotations

Branches:
Dungeon (5/15)
 Temple: D:4-7

Altars:
Dithmenos
Hepliaklqana
Lugonu

Annotations:
D:3 1 runed translucent door, Crazy Yiuf


Innate Abilities, Weirdness & Mutations

((You are very nimble when in or above water. (Stealth+, EV+, Speed+++)))
Your lower body shifts to a powerful aquatic tail in water.
Your system is resistant to poisons. (rPois)


Message History

* * * LOW HITPOINT WARNING * * *
You feel much better. Something hits you but does no damage.
Something bites you.
It was a potion of curing.
You feel better. The ogre closely misses you.
Something hits you but does no damage. Something bites you.
Something draws strength from your injuries!
Something hits you. Something bites you but does no damage.
You hear some strange, mumbled words.
You are confused.
You're too confused to move!
It was a potion of mutation.
You feel extremely strange.
You feel strong-willed.
You feel resistant to poisons.
You no longer feel strong-willed.
Something barely misses you. Something bites you!
Something draws strength from your injuries!
You miss something. Something hits you. Something bites you.
Something draws strength from your injuries!
You bump into the rock wall.
Something hits you! Something bites you!
* * * LOW HITPOINT WARNING * * *
You feel much better. Something hits you!
Something bites you but does no damage.
You feel better. Something hits you. You block something's attack.
You aren't carrying any items that you can evoke.
Okay, then.
You can't see any enemies this would affect, really read the scroll of holy word?
Okay, then.
As you read the scroll labelled KITUIF MURE, it crumbles to dust.
You assume a fearsome visage.
The ogre looks frightened!
It was a scroll of fear.
Something hits you! Something bites you.
* * * LOW HITPOINT WARNING * * *
Something draws strength from your injuries!
As you read the scroll labelled JOTYWO LOIDGHI, it crumbles to dust.
It is a scroll of enchant weapon.
Your +0 trident glows red for a moment.
Something hits you!
* * * LOW HITPOINT WARNING * * *
Something bites you but does no damage.
You feel better. Something hits you!
* * * LOW HITPOINT WARNING * * *
Something bites you!
You die...

#.#. #.##......#..# #.
#.#.###.##......##..# #.
#.#..##.##......# #..### #.
#..#..#.##......# #...# #รท
#.......#####..## ##..###.
#.......# #..## #.###..
#.......######..#####.##...
#..........................
#......###@...........#..(.
#......# #.................
######.# #.............#...
#.# #..........#...... #.#
#........>........ #.#
#................. #.#
#..........#..#... #.#
#................. #.#
####..........##..


There were no monsters in sight!

Vanquished Creatures
  An ice beast (D:5)
  An ogre (D:4)
  A phantom (D:5)
  A centaur (D:4)
  A scorpion (D:4)
  A wyvern skeleton (D:3)
  3 wights (D:4)
  A howler monkey (D:4)
  An orc priest (D:4)
  A hound (D:4)
  2 iguanas
  2 orc wizards
  A hound skeleton (D:5)
  A howler monkey zombie (D:5)
  Robin (D:2)
  8 gnolls (D:4)
  8 adders
  An ufetubus (D:5)
  A worm (D:3)
  3 dart slugs
  5 orcs
  4 bats
  3 endoplasms
  4 giant cockroaches
  40 goblins
  38 hobgoblins
  4 jackals (D:5)
  7 quokkas
  12 ball pythons
  2 frilled lizards
  10 kobolds
  5 rats
174 creatures vanquished.

Vanquished Creatures (others)
  2 fungi (D:2)
  A plant (D:2)
3 creatures vanquished.

Grand Total: 177 creatures vanquished

Notes
Turn   | Place    | Note
-------+----------+-------------------------------------------
     0 | D:1      | jjjjhere the Merfolk Gladiator began the quest for the Orb.
     0 | D:1      | Reached XP level 1. HP: 16/16 MP: 1/1
    71 | D:1      | Reached XP level 2. HP: 23/23 MP: 2/2
    76 | D:1      | Reached skill level 5 in Polearms
   401 | D:1      | Reached XP level 3. HP: 26/28 MP: 3/3
   791 | D:2      | Reached skill level 6 in Polearms
   852 | D:2      | Noticed Robin
   896 | D:2      | Killed Robin
   897 | D:2      | Reached XP level 4. HP: 27/35 MP: 4/4
  1263 | D:2      | Found a shadowy altar of Dithmenos.
  1481 | D:2      | Found a faded altar of an unknown god.
  1509 | D:2      | Prayed at the altar of an unknown god.
  1509 | D:2      | Became a worshipper of Lugonu the Unformed
  1509 | D:2      | Reached * piety under Lugonu
  1509 | D:2      | Reached ** piety under Lugonu
  1873 | D:3      | HP: 7/35 [wyvern skeleton (10)]
  1876 | D:3      | Reached skill level 7 in Polearms
  1876 | D:3      | Reached skill level 1 in Invocations
  1876 | D:3      | Reached XP level 5. HP: 7/41 MP: 5/5
  2333 | D:3      | Found a runed translucent door.
  2334 | D:3      | Noticed Crazy Yiuf
  2749 | D:3      | Reached skill level 8 in Polearms
  2823 | D:3      | Reached XP level 6. HP: 47/47 MP: 7/7
  3525 | D:4      | Reached skill level 9 in Polearms
  3528 | D:4      | Reached *** piety under Lugonu
  3790 | D:4      | HP: 13/47 [gnoll/+0 spear (3)]
  4178 | D:4      | Reached XP level 7. HP: 40/52 MP: 9/9
  4411 | D:4      | Reached **** piety under Lugonu
  4713 | D:4      | Found a hazy altar of Hepliaklqana.
  5136 | D:4      | Reached skill level 10 in Polearms
  5362 | D:4      | HP: 7/52 [wight/+3 scimitar (11)]
  5767 | D:4      | Reached skill level 11 in Polearms
  6022 | D:4      | Reached XP level 8. HP: 58/58 MP: 11/11
  6065 | D:5      | Entered Level 5 of the Dungeon
  6391 | D:5      | Reached skill level 5 in Invocations
  6457 | D:5      | Noticed a vampire
  6494 | D:5      | Reached skill level 12 in Polearms
  6495 | D:5      | HP: 15/58 [ogre/+0 giant club (20)]
  6504 | D:5      | Gained mutation: You are strong-willed. (Will+) [potion of
                  | mutation]
  6504 | D:5      | Gained mutation: Your system is resistant to poisons.
                  | (rPois) [potion of mutation]
  6504 | D:5      | Lost mutation: You are strong-willed. (Will+) [potion of
                  | mutation]
  6506 | D:5      | HP: 18/58 [something (8)]
  6511 | D:5      | HP: 19/58 [something (13)]
  6520 | D:5      | HP: 5/58 [something (11)]
  6522 | D:5      | Slain by a vampire

Illustrated notes

Levels and vault maps discovered:
D:1:      eino_arrival_tree_alley, layout_basic
D:2:      layout_basic, basic_altar, serial_glass, glass_columns_c,
          glass_columns_a, item_on_display_a, feat_on_display,
          item_on_display_a, dreamdust_ecumenical_altar_grove, uniq_robin
D:3:      layout_basic, uniq_crazy_yiuf_cottage
D:4:      minmay_goblin_kobold_castle, layout_basic, mainiacjoe_overflow_paths,
          nicolae_elevator_lobby_plus
D:5:      layout_rooms

Skill      XL: |  1  2  3  4  5  6  7  8 |
---------------+-------------------------+-----
Polearms       | 5 6 7 8 9 11 12 | 12.0
Fighting       | 3 |  3.4
Invocations    | 1 3 4 5 |  5.1
Throwing       | |  2.0
Dodging        | |  4.0

Action                   |  1- 3 |  4- 6 |  7- 9 || total
-------------------------+-------+-------+-------++-------
Melee: Trident           |    99 |   259 |   217 ||   575
       Punch             |     2 |     2 |     3 ||     7
       Tailslap          |       |       |     4 ||     4
  Use: Potion            |       |       |     8 ||     8
       Scroll            |       |       |     3 ||     3
 Stab: Sleeping          |     2 |     2 |       ||     4
Armor: Leather armour    |    19 |    50 |    18 ||    87
Dodge: Dodged            |    53 |   150 |    78 ||   281
       Repelled          |     1 |     1 |       ||     2
Block: Other             |       |       |    31 ||    31
       Reflection        |       |       |     5 ||     5
